[Event "24th Hoogeschool Zeeland 2022"]
[Site "Vlissingen"]
[Date "2022.08.08"]
[Round "4.5"]
[White "Sorbe, Stephane"]
[Black "Beerdsen, Thomas"]
[Result "1/2-1/2"]
[ECO "A46"]
[WhiteElo "2352"]
[BlackElo "2500"]
[Annotator "TA"]
[PlyCount "160"]
[EventDate "2022.08.05"]
[EventType "swiss"]
[EventCountry "NED"]
[SourceTitle "playchess.com"]
[Source "ChessBase"]
[SourceQuality "1"]
[TimeControl "40/5400+30:1800+30"]

1. d4 Nf6 2. Nf3 e6 3. Bg5 h6 4. Bh4 c5 5. e3 cxd4 6. exd4 Qb6 {[%emt 0:00:41] A46: 1 d4 Nf6 2 Nf3 e6: Torre, London and Colle Systems.} 7. Bxf6 gxf6 8. Nbd2 d5 {[%emt 0:20:48] Inhibits Nc4. The position is equal.} 9. Bd3 Nc6 10. O-O Bd7 11. c4 {[%emt 0:02:52] [#]} O-O-O $146 (11... Qxb2 12. cxd5 exd5 13. Rb1 $16) ({Predecessor:} 11... Nxd4 12. cxd5 e5 13. Re1 Be7 14. Re4 Nb5 15. Nc4 Qc5 16. Ne3 Nd6 17. Rc1 Nxe4 18. Rxc5 Nxc5 {1-0 (27) Mednikov,G-Rahimov,A Armavir 1995}) 12. cxd5 exd5 13. Nb3 Kb8 14. Rc1 Bd6 15. Re1 Rhg8 16. a3 Ka8 17. Rc3 Bg4 $1 18. Bf1 Qc7 19. g3 f5 $1 20. Qd2 f4 (20... Bxf3 $5 21. Rxf3 f4 $11) 21. Bg2 Qb6 22. Nh4 (22. Nc5 $5 ) 22... Be6 23. Nc5 fxg3 24. hxg3 ({Much worse is} 24. fxg3 Rg4 25. Nxe6 fxe6 $15) 24... Rg4 (24... Bc8 $11) 25. Nxe6 $16 {[%emt 0:07:58] White is more active.} fxe6 26. Rxe6 {[%emt 0:00:16] Nf5 is the strong threat.} Rxd4 27. Qe2 (27. Qc2 $14 Bxg3 28. Nf5 Bxf2+ 29. Qxf2 Rd1+ 30. Bf1) 27... Rxh4 $11 28. Rxd6 (28. gxh4 $2 {loses.} Nd4 29. Qe3 Nxe6 30. Qxb6 axb6 $19) 28... Rxd6 29. gxh4 a6 30. Rg3 Ka7 31. b4 Nd4 32. Qd3 Rc6 {[%emt 0:01:10][%cal Oc6c3] And now ...Rc3! would win.} 33. Bxd5 $2 {[%emt 0:03:03][%mdl 8192] [#]} (33. Rg4 $1 $14 {keeps the upper hand.} Rc1+ 34. Bf1) 33... Rc3 $3 $19 {[%emt 0:00:37][%mdl 576] Deflection, Decoy} 34. Qxc3 {[%emt 0:01:50] aiming for Qd3.} Ne2+ 35. Kg2 Nxc3 36. Rxc3 {[%emt 0:00:02][%mdl 4096] Endgame KQ-KRB} Qd4 37. Rc5 Qxh4 38. Bf3 {[%emt 0:01:26] [#]} Qe7 {[%emt 0:00:13] Against Rc7} 39. Rd5 {[%emt 0:01:48] [#]} (39. Rf5 $142) 39... Qg7+ $1 40. Kh2 Qc3 {[%emt 0:00:10][%csl LRa3,LRf3] Inhibits Rd3.} 41. Kg2 Qxa3 42. b5 Qe7 43. bxa6 Kxa6 44. Kf1 Qe6 45. Be2+ Ka7 46. Rh5 Qc6 47. f4 Qc1+ 48. Kf2 Qxf4+ 49. Ke1 Kb6 50. Rb5+ Kc6 51. Rh5 Qe3 52. Kf1 b6 53. Ke1 Kd6 54. Kd1 Qg1+ 55. Kd2 Kc6 (55... Qg7 $19 56. Ke3 Qg3+ 57. Kd2 Qf4+ 58. Kd3 Kc6) 56. Bb5+ (56. Rxh6+ $17 {only move.} Kc5 57. Rh5+ Kb4 58. Rb5+ Ka4 59. Rb2) 56... Kc7 57. Be2 Qa1 58. Rb5 Kc6 59. Rh5 Qg7 60. Bb5+ Kd6 61. Be2 Ke6 62. Ke1 Kf6 63. Kf2 Kg6 64. Rb5 Qd4+ 65. Ke1 Qe3 66. Kd1 Qc3 67. Bh5+ Kf6 68. Be2 {[%emt 0:00:00] Against Qd3+} Kg6 69. Bh5+ $1 Kg7 {[%emt 0:00:05] ( -> ...Qd3+)} 70. Be2 {[%emt 0:00:00] Against Qd3+} Kf6 71. Rh5 Ke6 72. Rb5 Kd7 73. Rh5 Kd6 74. Rb5 Kc6 {[%emt 0:00:25] Hoping for ...Qa1+.} 75. Rh5 Kb7 76. Rb5 Qa1+ 77. Kd2 Qa2+ 78. Ke1 Qa1+ 79. Kd2 Qa2+ 80. Ke1 $1 Qa5+ $2 {[%emt 0:00:00] Weighted Error Value: White=0.17 (very precise) /Black=0.08 (flawless)} 1/2-1/2

[Event "24th Hoogeschool Zeeland 2022"]
[Site "Vlissingen"]
[Date "2022.08.08"]
[Round "4.6"]
[White "Schoppen, Casper"]
[Black "Klepke, Ricardo"]
[Result "1/2-1/2"]
[ECO "A44"]
[WhiteElo "2507"]
[BlackElo "2293"]
[Annotator "TA"]
[PlyCount "144"]
[EventDate "2022.08.05"]
[EventType "swiss"]
[EventCountry "NED"]
[SourceTitle "playchess.com"]
[Source "ChessBase"]
[SourceQuality "1"]
[TimeControl "40/5400+30:1800+30"]

1. d4 c5 2. d5 e5 3. e4 d6 4. Nc3 Be7 5. Bb5+ Nd7 6. f4 (6. a4 $16) 6... exf4 {[%emt 0:10:40] A44: Semi-Benoni.} 7. Bxf4 Ngf6 8. Nf3 O-O 9. O-O a6 10. Bxd7 Nxd7 11. a4 b6 {[%emt 0:21:48] [#]} 12. Qe1 $146 ({Predecessor:} 12. Qd3 Qc7 13. Nd2 Rd8 14. Nc4 f6 15. Qg3 Nf8 16. h4 Ng6 17. Bd2 Ne5 18. Nxe5 dxe5 {1-0 (27) Arutinian,D (2561)-Chigladze,I (2390) Tbilisi 2012}) 12... f6 13. Qg3 Ne5 14. Nh4 Kh8 {[%emt 0:09:50] aiming for ...g5.} 15. Nf5 Rf7 16. h4 Bf8 17. h5 Bd7 18. Nd1 Be8 (18... b5 $11) 19. Nde3 $14 b5 20. axb5 axb5 21. Rxa8 {[%emt 0:00:28] 0x0.0002da1bb6b1dp-1022s more active pieces.} Qxa8 22. h6 g6 23. Ng7 Kg8 24. Ne6 Bd7 $1 25. Nf5 Qc8 26. Nxf8 ({Of course not} 26. Bxe5 $6 fxe5 27. Nfg7 Rxf1+ 28. Kxf1 Bxg7 29. Nxg7 Qf8+ 30. Kg1 b4 $11) 26... Qxf8 27. Ra1 Bxf5 28. exf5 g5 29. Bxe5 dxe5 $11 {[%emt 0:00:07][%mdl 4096] Endgame KQR-KQR} 30. Ra6 Qxh6 31. Qg4 {[%emt 0:01:08] Prevents Qh5.} Kg7 32. g3 Kg8 33. d6 {[%emt 0:00:06] Strongly threatening Ra8+.} Rd7 34. Ra8+ Kg7 35. Ra6 Kg8 36. Ra8+ Kg7 37. Qf3 $2 (37. Ra6 $11 {and White has nothing to worry.}) 37... Qh3 $19 38. Ra6 e4 39. Qxe4 Qxg3+ 40. Kf1 {[%emt 0:00:12] [#]} Qe5 41. Qxe5 fxe5 {[%emt 0:00:15] KR-KR} 42. Rc6 Kf6 43. Rxc5 Rxd6 44. Rxb5 Kxf5 45. c4 Ke4 $2 (45... h5 46. c5 Rd4) 46. b4 $2 (46. Ke2) 46... g4 $2 (46... Rd1+ $19 47. Kg2 Rd2+ 48. Kg1 Rc2) 47. Rb7 $2 (47. c5 $11 Ra6 48. Rb6 Ra1+ 49. Kg2) 47... h5 48. c5 Rd1+ 49. Kf2 Rc1 {[%emt 0:09:46] And now ...h4 would win.} 50. Rh7 {[%emt 0:00:56] [#]} Rc2+ $2 (50... Kf4 $1 $19 51. Rxh5 g3+ 52. Kg2 Rc2+ 53. Kg1 e4) 51. Kg3 $1 $11 Rc3+ 52. Kg2 Rc4 53. Rxh5 Rxb4 54. Rh6 $1 Rc4 55. c6 Kf4 56. Rf6+ Kg5 57. Rd6 Rc2+ 58. Kg3 Rc3+ 59. Kf2 e4 60. Kg2 Kf5 (60... Kf4 $17 61. Kf1 Rc2) 61. Rh6 $2 (61. Kf2 $11) 61... Kf4 62. Rf6+ Ke3 $2 ({Black should try} 62... Ke5 $19 63. Rh6 Rc2+ 64. Kf1 e3) 63. Kg3 {[%emt 0:00:27] The position is equal.} Kd2+ 64. Kxg4 e3 {[%emt 0:00:12] White must now prevent ...e2.} 65. Rd6+ Ke1 {[%emt 0:00:23] Hoping for ...e2.} 66. Kf3 $1 e2+ 67. Kg2 Rc5 68. Kg1 Rg5+ (68... Rc2 $5) 69. Kh2 Kf2 70. Rf6+ Ke3 {[%emt 0:00:36] ( -> ...Re5)} 71. Re6+ Kf2 72. Rf6+ Ke3 {[%emt 0:01:04] Weighted Error Value: White=0.54/Black=0.47} 1/2-1/2

[Event "24th Hoogeschool Zeeland 2022"]
[Site "Vlissingen"]
[Date "2022.08.08"]
[Round "4.7"]
[White "Matsumura, Cocoro"]
[Black "Ikonnikov, Vyacheslav"]
[Result "0-1"]
[ECO "B31"]
[WhiteElo "2043"]
[BlackElo "2493"]
[Annotator "TA"]
[PlyCount "98"]
[EventDate "2022.08.05"]
[EventType "swiss"]
[EventCountry "NED"]
[SourceTitle "playchess.com"]
[Source "ChessBase"]
[SourceQuality "1"]
[TimeControl "40/5400+30:1800+30"]

1. e4 c5 2. Nf3 Nc6 3. Bb5 g6 4. O-O Bg7 5. d3 Nf6 6. Nc3 Nd4 {[%emt 0:02:07] B31: Sicilian: 2...Nc6 3 Bb5 g6.} 7. e5 {[%emt 0:05:46] Black must now prevent Nxd4.} Ng4 8. Nxd4 cxd4 {[%emt 0:00:07] White has an edge.} 9. Qxg4 dxc3 {[%emt 0:00:09] [#]} 10. Qe4 $146 ({Better is} 10. Re1 $14) ({Predecessor:} 10. bxc3 O-O 11. d4 d6 12. Qe2 dxe5 13. dxe5 Qc7 14. Bf4 Qxc3 15. Rad1 Be6 16. Rd3 {0-1 (31) Van den Dikkenberg,E (2158)-Thomas,A (2163) Chess.com INT 2022}) 10... Qb6 $15 11. a4 a6 12. Be3 Qe6 ({Black should try} 12... Qc7 $15 13. Bc4 (13. Qc4 $2 Qb8 $19) 13... cxb2) 13. Bc4 $36 {[%emt 0:01:02][%mdl 2048] White has some pressure.} Qxe5 14. Qxe5 Bxe5 15. b4 d6 16. Bd5 e6 17. Bf3 Bf6 18. Ra3 Bd7 19. Bxb7 Rb8 20. Bxa6 {[%emt 0:00:10] Threatens to win with Rb1.} Rxb4 21. Bb5 Ke7 22. Raa1 Rb2 23. Rfc1 Ra8 24. Kf1 (24. g4 $15 {deserves consideration.}) 24... Bxb5 $17 {[%emt 0:07:31] Black is more active.} 25. axb5 Rxa1 26. Rxa1 Rxb5 {[%emt 0:00:01][%mdl 4096] Endgame KRB-KRB} (26... e5 $17 27. Ra7+ Ke6) 27. Ra7+ Kf8 28. Bh6+ Ke8 29. Ra8+ Kd7 $1 30. Ra7+ Kc6 $1 31. Rxf7 {[%emt 0:01:01] [#]} Bd4 {[%emt 0:00:31] aiming for ...Rb2.} 32. Ke2 {[%emt 0:03:11] [#]} (32. Rf4 $1 $11 e5 33. Re4) 32... g5 $1 $19 (32... Rb2 33. Kd1 $11) 33. Rxh7 (33. h4 {is a better defense.}) 33... Rb2 34. Rf7 Rxc2+ 35. Ke1 Rc1+ 36. Ke2 Rg1 37. Bxg5 c2 (37... Rxg2 $19 {has better winning chances.} 38. h4 Kd5) 38. Rf8 (38. g3 $17) 38... Kd5 39. Rc8 Bc5 ({Stronger than} 39... Rxg2 40. Be3 $11) 40. h4 c1=Q 41. Bxc1 Rxc1 $17 {[%emt 0:30:06] KRB-KR} 42. f4 $2 (42. Rf8 $17 {was the only defense.}) 42... Rc2+ $19 43. Kf3 Rd2 44. h5 $2 (44. Ra8) 44... Rxd3+ 45. Kg4 Bf2 46. h6 Rg3+ 47. Kh5 Rxg2 48. Rc2 (48. h7 $142 Bd4 49. Kh6) 48... Ke4 {[%emt 0:00:06] ( -> ...Kf5)} ({Weaker is} 48... Rh2+ 49. Kg6 $11) 49. h7 Kf5 {[%emt 0:00:08] Weighted Error Value: White=0.82/Black=0.13 (very precise)} ({Inferior is} 49... Rh2+ 50. Kg6 $11) 0-1

[Event "24th Hoogeschool Zeeland 2022"]
[Site "Vlissingen"]
[Date "2022.08.08"]
[Round "4.8"]
[White "Santiago, Yago De Moura"]
[Black "Zwirs, Jasper"]
[Result "1-0"]
[ECO "E04"]
[WhiteElo "2513"]
[BlackElo "2105"]
[Annotator "TA"]
[PlyCount "157"]
[EventDate "2022.08.05"]
[EventType "swiss"]
[EventCountry "NED"]
[SourceTitle "playchess.com"]
[Source "ChessBase"]
[SourceQuality "1"]
[TimeControl "40/5400+30:1800+30"]

1. d4 d5 2. c4 e6 3. Nf3 Nf6 4. Nc3 c6 5. g3 dxc4 6. Bg2 b5 7. Ne5 a6 {[%emt 0:00:32] E04: Open Catalan: 5 Nf3.} 8. O-O Bb7 9. b3 $1 {[%emt 0:02:56] 9.b3 scores better than 9.a4.} cxb3 {[%emt 0:01:34] The position is equal.} 10. Qxb3 Be7 11. Rd1 O-O 12. a4 b4 {[%emt 0:28:45] [#]} 13. Ne4 $146 ({Predecessor:} 13. a5 Nbd7 14. Nxd7 Qxd7 15. Na4 Rad8 16. Bf4 Nd5 17. Nc5 Qc8 18. Bd2 e5 19. e4 {1-0 (51) Sarana,A (2640)-Ponkratov,P (2627) Anapa 2021}) 13... Nxe4 14. Bxe4 a5 ({Of course not} 14... Nd7 15. Bxc6 (15. Nxc6 Bxc6 16. Bxc6 Rc8 $11) 15... Bxc6 16. Nxc6 $14) 15. Bf4 Nd7 (15... Bd6 $11 {keeps the balance.}) 16. Bxc6 $16 {[%emt 0:00:00] White is much more active.} ({Reject} 16. Nxc6 Bxc6 17. Bxc6 Rc8 $11) 16... Bxc6 17. Nxc6 Qe8 18. e4 Nf6 19. Qc2 b3 20. Nxe7+ Qxe7 21. Qxb3 Nxe4 22. Re1 $1 Nf6 23. d5 $1 Rfe8 (23... Nxd5 $2 24. Qxd5 $1 Rfd8 25. Qe4 $18) 24. dxe6 fxe6 25. Qb5 Nd5 26. Be5 Qb4 27. Rab1 Qg4 28. Qc6 Nb4 29. Qb5 Nd5 30. Qb7 Qg6 31. Rb5 Qf7 32. Qxf7+ Kxf7 33. Rc1 Re7 34. Rcc5 Rea7 35. Bd4 Nc7 36. Rb6 Nd5 37. Rd6 Rb7 38. Rcc6 (38. h4 $16) 38... Re8 39. Bc5 (39. Be5 {looks sharper.} Rb1+ 40. Kg2 Re1 41. Bd4) 39... Rb1+ 40. Kg2 {[%emt 0:00:06] Rd7+ is the strong threat.} Rb7 {[%emt 0:00:31] Inhibits Rd7+.} 41. Ra6 Nc3 (41... Rc8 $142) 42. Rd4 Rc8 43. Rxa5 Nd5 44. Rd3 (44. Rg4 $142) 44... Ke8 (44... g5 $16 45. Rd1 Rd7) 45. Rf3 {[%emt 0:01:25] Threatens to win with Rf8+.} Rf7 {[%emt 0:01:03] Inhibits Rf8+.} 46. Rxf7 Kxf7 $18 {[%emt 0:00:06][%mdl 4096] Endgame KRB-KRN} 47. Bd4 Rc7 (47... g5 {keeps fighting.} 48. Kf3 Rc2) 48. Ra7 Rxa7 49. Bxa7 {[%emt 0:00:07] KB-KN} Ke7 $2 (49... e5 50. a5 Nb4) 50. Bd4 g6 51. Kf3 Kd6 52. Ke4 {[%emt 0:00:22] Against e5} Nb4 53. Bb2 {[%emt 0:02:14] Hoping for Ba3.} Nc6 54. Kf4 Kd5 55. Kg5 Ke4 56. Ba3 Ne5 57. a5 Kd5 58. a6 {[%emt 0:00:56] Black must now prevent a7.} Kc6 59. a7 Kb7 60. Bc5 $2 (60. h4 {Bc5 would kill now.} Kxa7 61. Kh6) 60... Nf3+ 61. Kh6 Nxh2 62. Kxh7 g5 63. Kg6 g4 64. Kf6 Ka8 65. Kxe6 Nf3 66. Kf5 $2 (66. Be3 $18) 66... Nh2 {[%emt 0:00:06] White mates.} 67. Kg5 Kb7 68. Kh4 Ka8 69. Be3 Kb7 {[%emt 0:00:10] [#]} 70. Bb6 $1 Ka8 71. f4 gxf3 72. Kh3 Nf1 73. g4 Nd2 {[%emt 0:00:28] [#]} 74. Kg3 $1 Nc4 75. Bd4 Nd2 76. Kf4 Nc4 77. g5 Nd6 78. g6 Nc8 79. Kxf3 {[%emt 0:00:45] Weighted Error Value: White=0.25 (precise) /Black=0.25 (precise)} 1-0

[Event "24th Hoogeschool Zeeland 2022"]
[Site "Vlissingen"]
[Date "2022.08.08"]
[Round "4.9"]
[White "Baklan, Vladimir"]
[Black "Koffeman, Timo"]
[Result "1-0"]
[ECO "B45"]
[WhiteElo "2589"]
[BlackElo "2119"]
[Annotator "TA"]
[PlyCount "85"]
[EventDate "2022.08.05"]
[EventType "swiss"]
[EventCountry "NED"]
[SourceTitle "playchess.com"]
[Source "ChessBase"]
[SourceQuality "1"]
[TimeControl "40/5400+30:1800+30"]

1. e4 c5 2. Nf3 e6 3. d4 cxd4 4. Nxd4 Nf6 5. Nc3 Nc6 6. g3 Bb4 7. Bg2 O-O {[%emt 0:00:36] is currently scoring better than 7...d5.} 8. O-O {[%emt 0:00:32] B45: Sicilian Four Knights.} d6 9. h3 $5 {[%emt 0:04:30][%mdl 4] Leaves trodden paths.} a6 {[%emt 0:07:47] [#]} 10. Nxc6 $146 {[%emt 0:01:11] White has an edge.} ({Predecessor:} 10. Nde2 Bc5 11. g4 Qc7 12. a4 b6 13. g5 Nd7 14. Nf4 Nde5 15. Nd3 Bb7 16. Nxc5 dxc5 {½-½ (23) Baklan,V (2656)-Krasenkow,M (2631) Koge 2014}) 10... bxc6 11. Na4 d5 12. e5 Nd7 13. Qg4 $1 Qe7 14. a3 {[%emt 0:03:29] And now Bg5 would win.} Ba5 $1 15. Bg5 f6 16. exf6 Nxf6 17. Qe2 e5 18. c4 {[%emt 0:01:29] aiming for cxd5.} e4 19. Rac1 h6 20. Be3 Bc7 21. cxd5 cxd5 22. Nb6 Bxb6 23. Bxb6 {[%emt 0:00:09] Black must now prevent Bc5.} Re8 24. Qe3 a5 (24... Bd7 $14) 25. Rc7 $16 Qe6 26. Rfc1 {[%emt 0:02:02] R1c6 is the strong threat. White is much more active.} Bd7 {[%emt 0:00:49] Prevents R1c6.} 27. Bd4 Rad8 (27... Rf8 $16) 28. b3 Qd6 29. a4 Nh7 30. h4 {[%emt 0:12:20][%cal Oc1c6] Inhibits Ng5.} Nf8 {[%emt 0:00:09] [#]} 31. Bh3 {[%emt 0:04:34] This bishop pair is nice.} Ne6 (31... Bxh3 {gets mated.} 32. Rxg7+ Kh8 33. Rg6+) 32. Bxe6+ $40 {[%emt 0:00:50][%mdl 128] White is out for blood.} Qxe6 33. Qc3 Re7 34. Qxa5 Rf8 35. Qb6 (35. Qe1 $142) 35... Qg4 {[%emt 0:01:48][%cal Oe4e3] [#]} 36. Qd6 (36. R7c3 $1 $16) 36... Ref7 $2 {[%emt 0:00:53] A mistake that costs the game.} ({Black should play} 36... Rff7 $14) 37. Qxd5 Be6 {[%emt 0:00:24] [#]} 38. Qe5 Bxb3 39. a5 Qg6 (39... e3 40. Bxe3 Rd8) 40. h5 $18 {[%emt 0:01:47] White is clearly winning.} Qg4 41. a6 e3 42. Bxe3 Rf5 43. Qd4 {[%emt 0:00:00] Weighted Error Value: White=0.15 (very precise) /Black=0.33} 1-0

[Event "24th Hoogeschool Zeeland 2022"]
[Site "Vlissingen"]
[Date "2022.08.08"]
[Round "4.10"]
[White "Van Delft, Merijn"]
[Black "Bazilius, Augustinas"]
[Result "1-0"]
[ECO "C41"]
[WhiteElo "2383"]
[BlackElo "2045"]
[Annotator "RC"]
[PlyCount "83"]
[EventDate "2022.08.05"]
[EventType "swiss"]
[EventCountry "NED"]
[SourceTitle "playchess.com"]
[Source "ChessBase"]
[SourceQuality "1"]
[TimeControl "40/5400+30:1800+30"]

1. e4 d6 2. d4 Nf6 3. Nc3 e5 4. Nf3 exd4 5. Nxd4 Be7 6. g3 O-O 7. Bg2 Re8 8. O-O Bf8 9. h3 Nc6 10. Nde2 Ne5 11. b3 c6 12. a4 a5 13. Ba3 Qc7 14. Kh1 Bd7 15. f4 Ng6 16. Nd4 Rad8 17. Qd2 Bc8 18. Rae1 Qb6 19. Qf2 d5 20. Bxf8 Nxf8 21. exd5 Rxe1 22. Rxe1 Qc5 23. Qd2 Nxd5 24. Nxd5 Rxd5 25. Bxd5 Qxd5+ 26. Kg1 c5 27. Re5 Qxd4+ 28. Qxd4 cxd4 29. Rxa5 Bxh3 30. Rd5 Nd7 31. Rxd4 Kf8 32. a5 Bf5 33. Rb4 Bxc2 34. Rxb7 Ke7 35. a6 Be4 36. Rb4 Bd5 37. a7 Kd6 38. Rb8 Nc5 39. Rd8+ Nd7 40. a8=Q Bxa8 41. Rxa8 Kc6 42. Rg8 1-0

[Event "24th Hoogeschool Zeeland 2022"]
[Site "Vlissingen"]
[Date "2022.08.08"]
[Round "4.11"]
[White "Lohr, Maximilian"]
[Black "Grutter, Tim"]
[Result "0-1"]
[ECO "B48"]
[WhiteElo "2092"]
[BlackElo "2246"]
[Annotator "RC"]
[PlyCount "138"]
[EventDate "2022.08.05"]
[EventType "swiss"]
[EventCountry "NED"]
[SourceTitle "playchess.com"]
[Source "ChessBase"]
[SourceQuality "1"]
[TimeControl "40/5400+30:1800+30"]

1. e4 c5 2. Nf3 e6 3. d4 cxd4 4. Nxd4 Nc6 5. Nc3 Qc7 6. Be3 a6 7. Qf3 b5 8. O-O-O Bb7 9. Qg3 Qxg3 10. hxg3 Nxd4 11. Rxd4 Bc5 12. Rd3 Bxe3+ 13. Rxe3 Nf6 14. f3 d5 15. exd5 Nxd5 16. Nxd5 Bxd5 17. Bd3 h5 18. Be4 O-O-O 19. Rd1 Bxe4 20. Rxd8+ Rxd8 21. Rxe4 Rd5 22. g4 Rg5 23. gxh5 Rxh5 24. Rd4 Kc7 25. c3 e5 26. Rd2 Rh4 27. Kc2 g5 28. Kd1 g4 29. fxg4 Rxg4 30. Ke1 f5 31. Kf2 f4 32. Kf3 Rg3+ 33. Ke4 Re3+ 34. Kf5 Kc6 35. Kg4 Kc5 36. Kf5 a5 37. Kg4 Kc4 38. Kf5 a4 39. a3 Kb3 40. Kg4 Ka2 41. Kf5 Kb1 42. Kg4 Kc1 43. Rf2 Kd1 44. Kf5 Re1 45. Kg4 Re4 46. Kf5 Re3 47. Kg4 Re1 48. Kf5 Re3 49. Kg4 Ke1 50. Rc2 Kf1 51. Kf5 Re1 52. Kg4 Kg1 53. g3 fxg3 54. Kf3 Kf1 55. Kxg3 Re2 56. Rc1+ Re1 57. Rc2 Re3+ 58. Kg4 Re2 59. Rxe2 Kxe2 60. Kf5 Kd3 61. Kxe5 Kc2 62. Kd4 Kxb2 63. c4 b4 64. c5 bxa3 65. c6 a2 66. c7 a1=Q 67. c8=Q Qd1+ 68. Ke5 Qe2+ 69. Kd5 Qd3+ 0-1

[Event "24th Hoogeschool Zeeland 2022"]
[Site "Vlissingen"]
[Date "2022.08.08"]
[Round "4.12"]
[White "Marzano, Carlo"]
[Black "Stillger, Bernhard"]
[Result "1/2-1/2"]
[ECO "A48"]
[WhiteElo "2079"]
[BlackElo "2245"]
[Annotator "RC"]
[PlyCount "31"]
[EventDate "2022.08.05"]
[EventType "swiss"]
[EventCountry "NED"]
[SourceTitle "playchess.com"]
[Source "ChessBase"]
[SourceQuality "1"]
[TimeControl "40/5400+30:1800+30"]

1. d4 Nf6 2. Nf3 g6 3. Nbd2 c5 4. c3 cxd4 5. cxd4 d5 6. e3 Bg7 7. Be2 O-O 8. b4 Bf5 9. Bb2 Nbd7 10. O-O Ne4 11. Qb3 Nb6 12. a4 Bg4 13. Bd3 Bf5 14. Be2 Bg4 15. Bd3 Bf5 16. Be2 1/2-1/2

[Event "24th Hoogeschool Zeeland 2022"]
[Site "Vlissingen"]
[Date "2022.08.08"]
[Round "4.13"]
[White "De Jong, Tom"]
[Black "Tibke, Jonas"]
[Result "1-0"]
[ECO "B12"]
[WhiteElo "2203"]
[BlackElo "1961"]
[Annotator "RC"]
[PlyCount "65"]
[EventDate "2022.08.05"]
[EventType "swiss"]
[EventCountry "NED"]
[SourceTitle "playchess.com"]
[Source "ChessBase"]
[SourceQuality "1"]
[TimeControl "40/5400+30:1800+30"]

1. e4 c6 2. d4 d5 3. e5 Bf5 4. h4 h5 5. Bd3 Bxd3 6. Qxd3 e6 7. Bg5 Qb6 8. Nd2 c5 9. c4 cxd4 10. cxd5 exd5 11. Ngf3 Nc6 12. O-O Nb4 13. Qb3 a5 14. a3 a4 15. axb4 axb3 16. Rxa8+ Kd7 17. Rxf8 f6 18. Bf4 Qxb4 19. Rb8 d3 20. g3 g5 21. hxg5 fxg5 22. Nxg5 h4 23. e6+ Ke7 24. Nf7 Kxe6 25. Nxh8 hxg3 26. Ng6 Nf6 27. fxg3 Qd4+ 28. Kg2 Qxb2 29. Re1+ Ne4 30. Rxb7 Kf5 31. Nh4+ Kg4 32. Rxe4 dxe4 33. Rb5 1-0

[Event "24th Hoogeschool Zeeland 2022"]
[Site "Vlissingen"]
[Date "2022.08.08"]
[Round "4.14"]
[White "Van der Borgt, Peter"]
[Black "Honkoop, Gilian"]
[Result "1/2-1/2"]
[ECO "C47"]
[WhiteElo "1959"]
[BlackElo "2205"]
[Annotator "RC"]
[PlyCount "94"]
[EventDate "2022.08.05"]
[EventType "swiss"]
[EventCountry "NED"]
[SourceTitle "playchess.com"]
[Source "ChessBase"]
[SourceQuality "1"]
[TimeControl "40/5400+30:1800+30"]

1. e4 e5 2. Nf3 Nc6 3. d4 exd4 4. Nxd4 Nf6 5. Nc3 Bb4 6. Nxc6 bxc6 7. Bd3 d5 8. exd5 cxd5 9. O-O O-O 10. Bg5 c6 11. Qf3 h6 12. Bxf6 Qxf6 13. Qxf6 gxf6 14. Ne2 Re8 15. c3 Bf8 16. Rfe1 Bd7 17. Nf4 Re5 18. h3 Bd6 19. g3 Rae8 20. Red1 Rg5 21. h4 Rge5 22. Kf1 Rb8 23. Rab1 a5 24. Bc2 Bg4 25. Rd2 Rbe8 26. Ba4 Rc8 27. Bc2 Rb8 28. Ba4 Rb6 29. Bc2 Rb7 30. Ba4 Rc7 31. Bc2 Rce7 32. Ba4 Bd7 33. Bc2 Kf8 34. a3 Bc8 35. Rbd1 Rb7 36. Bd3 Rb6 37. Be2 Re7 38. Nh5 Rxe2 39. Rxe2 Bg4 40. Re8+ Kxe8 41. Nxf6+ Kf8 42. Nxg4 h5 43. Ne3 Rxb2 44. Nc4 dxc4 45. Rxd6 Rb3 46. Rxc6 Rxc3 47. a4 Kg7 1/2-1/2

[Event "24th Hoogeschool Zeeland 2022"]
[Site "Vlissingen"]
[Date "2022.08.08"]
[Round "4.15"]
[White "Haak, Eelco"]
[Black "Jeanne, Mickael"]
[Result "0-1"]
[ECO "A28"]
[WhiteElo "1962"]
[BlackElo "2145"]
[Annotator "RC"]
[PlyCount "80"]
[EventDate "2022.08.05"]
[EventType "swiss"]
[EventCountry "NED"]
[SourceTitle "playchess.com"]
[Source "ChessBase"]
[SourceQuality "1"]
[TimeControl "40/5400+30:1800+30"]

1. c4 e5 2. Nc3 Nf6 3. Nf3 Nc6 4. d4 exd4 5. Nxd4 Bb4 6. a3 Bxc3+ 7. bxc3 d6 8. g3 O-O 9. Nxc6 bxc6 10. Bg2 Qe8 11. O-O Bd7 12. Qd3 Qe5 13. Re1 Rab8 14. Be3 c5 15. Bf4 Qh5 16. Rab1 Rb6 17. Rxb6 axb6 18. e4 Re8 19. Ra1 g5 20. Be3 Ng4 21. h3 Ne5 22. Qf1 Nf3+ 23. Bxf3 Qxf3 24. Bxg5 Qxe4 25. Qg2 Qxc4 26. Qf3 Bxh3 27. Bf6 Bg4 28. Qh1 Qe4 29. Qh4 Bf3 30. Qg5+ Qg6 31. Qf4 Qh5 32. Bh4 Re4 33. Qf6 Re6 34. Qd8+ Kg7 35. Qxc7 Qe5 36. Rf1 Qf5 37. Kh2 Be2 38. Rg1 Qxf2+ 39. Rg2 Qf5 40. Kg1 Qf1+ 0-1

[Event "24th Hoogeschool Zeeland 2022"]
[Site "Vlissingen"]
[Date "2022.08.08"]
[Round "4.16"]
[White "Leenhouts, Koen"]
[Black "Warnaar, Alisha"]
[Result "1-0"]
[ECO "E81"]
[WhiteElo "2442"]
[BlackElo "2037"]
[Annotator "RC"]
[PlyCount "53"]
[EventDate "2022.08.05"]
[EventType "swiss"]
[EventCountry "NED"]
[SourceTitle "playchess.com"]
[Source "ChessBase"]
[SourceQuality "1"]
[TimeControl "40/5400+30:1800+30"]

1. d4 Nf6 2. c4 g6 3. Nc3 Bg7 4. e4 d6 5. f3 O-O 6. Bg5 a6 7. Qd2 Nbd7 8. Nh3 c5 9. d5 b5 10. cxb5 Qa5 11. a4 axb5 12. Bxb5 Ba6 13. O-O Bxb5 14. Nxb5 Qxd2 15. Bxd2 Nb6 16. b3 Nfxd5 17. Rac1 Nf6 18. e5 dxe5 19. Rxc5 Rfd8 20. Rc2 e4 21. Nc7 Rab8 22. a5 Nbd5 23. Nxd5 Rxd5 24. b4 Rdb5 25. Rfc1 h5 26. Rc8+ Kh7 27. Ng5+ 1-0

[Event "24th Hoogeschool Zeeland 2022"]
[Site "Vlissingen"]
[Date "2022.08.08"]
[Round "4.17"]
[White "Emans, Job"]
[Black "Seul, Georg"]
[Result "0-1"]
[ECO "E36"]
[WhiteElo "2057"]
[BlackElo "2367"]
[Annotator "RC"]
[PlyCount "50"]
[EventDate "2022.08.05"]
[EventType "swiss"]
[EventCountry "NED"]
[SourceTitle "playchess.com"]
[Source "ChessBase"]
[SourceQuality "1"]
[TimeControl "40/5400+30:1800+30"]

1. d4 Nf6 2. c4 e6 3. Nc3 Bb4 4. Qc2 d5 5. a3 Bxc3+ 6. Qxc3 c5 7. dxc5 d4 8. Qc2 e5 9. e4 a5 10. Rb1 a4 11. Nf3 Nc6 12. Bd3 Nd7 13. O-O Nxc5 14. Ne1 O-O 15. f4 f5 16. fxe5 Nxe5 17. Bf4 Nexd3 18. Nxd3 Nxd3 19. Qxd3 fxe4 20. Qg3 Bf5 21. Rbd1 d3 22. Bd6 Rf7 23. Qe5 Qd7 24. c5 Re8 25. Qd5 e3 0-1